Map: Dusk Towers

Players

IIIIIIIIIIII

  • Race: Zerg Zerg

Miszu - Winner!

  • Race: Terran Terran
  • League: Master

VOD

Have the link to the VOD?

Description

Time

  • Played on: April 30, 2016, 3:54 p.m.
  • Length: 9:23
Show
View Real Time Build Order
Export as new Build Order

IIIIIIIIIIII Zerg 

Build Orders: Hatch First, Muta Ling Bane 

Get SALT Encoding   

  12  0:01  Drone  
  13  0:13  Overlord  
  13  0:17  Drone  
  14  0:32  Drone x2  
  16  0:37  Drone  
  17  0:55  Hatchery  
  16  0:58  Drone  
  16  1:02  Drone  
  18  1:13  Extractor  
  18  1:15  Spawning Pool  
  18  1:18  Drone  
  17  1:21  Drone  
  18  1:31  Drone  
  19  1:44  Overlord  
  19  2:02  Queen  
  19  2:03  Zergling x2  
  19  2:04  Zergling x2  
  19  2:08  Queen  
  25  2:11  Drone  
  25  2:15  Metabolic Boost  
  26  2:20  Drone x2  
  28  2:28  Overlord  
  28  2:36  Drone x2  
  30  2:38  Queen  
  30  2:41  Drone  
  33  2:44  Drone  
  33  2:46  Queen  
  33  2:50  Drone  
  37  2:55  Drone  
  38  3:01  Drone  
  39  3:08  Overlord  
  39  3:10  Drone x3  
  42  3:22  Drone x2  
  42  3:26  Drone  
  42  3:27  Drone x2  
  47  3:31  Drone x2  
  47  3:33  Hatchery  
  48  3:49  Drone x4  
  48  3:54  Extractor  
  48  3:55  Extractor, Queen  
  52  3:56  Overlord  
  52  3:58  Baneling Nest  
  51  4:04  Drone  
  52  4:11  Evolution Chamber  
  52  4:12  Queen, Evolution Chamber  
  52  4:16  Drone x6  
  58  4:17  Drone x2  
  60  4:29  Overlord  
  60  4:31  Overlord  
  60  4:42  Zerg Melee Weapons Level 1, Zerg Ground Armor Level 1  
  60  4:45  Drone x5  
  65  4:52  Spore Crawler  
  61  4:55  Drone  
  61  4:56  Drone  
  61  4:58  Spore Crawler  
  61  5:02  Drone x3  
  61  5:05  Lair  
  64  5:16  Drone  
  64  5:17  Drone x4  
  64  5:19  Drone  
  70  5:23  Overlord  
  71  5:28  Drone x3  
  73  5:36  Overlord x4  
  72  5:44  Extractor  
  72  5:47  Spore Crawler  
  68  6:08  Spire  
  68  6:09  Drone x4  
  68  6:10  Drone x9  
  78  6:16  Drone x2  
  78  6:24  Overlord x5  
  78  6:29  Extractor  
  78  6:30  Extractor  
  76  6:44  Drone x7  
  76  6:45  Zerg Ground Armor Level 2, Zerg Melee Weapons Level 2  
  76  6:46  Centrifical Hooks  
  83  6:55  Hatchery  
  83  6:58  Drone  
  83  7:01  Baneling x3  
  83  7:02  Zergling x10  
  83  7:04  Overseer  
  88  7:16  Zergling x18  
  97  7:26  Zerg Flyer Armor Level 1, Mutalisk  
  97  7:27  Mutalisk x5  
  109  7:36  Mutalisk  
  111  7:39  Mutalisk  
  113  7:53  Hatchery  
  113  7:54  Baneling  
  113  7:55  Baneling x6  
  104  8:10  Mutalisk  
  104  8:11  Mutalisk x2  
  104  8:13  Zergling x26  
  113  8:22  Zergling x14, Hatchery  
  111  8:31  Zergling x6  
  114  8:38  Mutalisk  
  114  8:39  Mutalisk x2  
  114  8:41  Baneling x3  
  120  8:42  Zergling x4  
  122  8:51  Overseer  
  113  9:03  Zergling x16  
  113  9:04  Baneling  
  113  9:05  Baneling x4  
Show
View Real Time Build Order
Export as new Build Order

Miszu Terran - Winner!

Build Orders: Command Center First (CC), Liberator Opening, MMM Bio 

Get SALT Encoding   

  12  0:01  SCV  
  13  0:13  SCV  
  14  0:18  Supply Depot  
  14  0:25  SCV  
  15  0:40  SCV  
  16  0:52  SCV  
  17  1:02  Command Center  
  17  1:05  SCV  
  18  1:11  Refinery  
  18  1:17  SCV  
  19  1:22  Barracks  
  19  1:29  SCV  
  20  1:41  SCV  
  20  1:46  Refinery  
  21  1:53  SCV  
  23  2:11  Marine, Orbital Command  
  23  2:12  Factory  
  23  2:16  Orbital Command  
  23  2:29  Marine  
  24  2:31  Supply Depot  
  24  2:37  SCV  
  24  2:42  SCV  
  26  2:49  Barracks Reactor, SCV  
  27  2:54  SCV  
  28  2:58  Starport  
  28  3:00  Factory Tech Lab  
  28  3:01  SCV  
  29  3:07  SCV  
  30  3:13  SCV  
  30  3:17  Liberator  
  30  3:19  Command Center, SCV  
  32  3:25  SCV  
  33  3:31  SCV  
  34  3:37  Siege Tank  
  34  3:38  SCV  
  41  3:41  Supply Depot  
  41  3:43  SCV  
  42  3:50  SCV  
  42  3:53  Barracks  
  43  3:55  Barracks  
  43  3:59  SCV  
  43  4:00  Liberator  
  43  4:02  SCV  
  45  4:03  Refinery  
  45  4:05  Supply Depot  
  45  4:11  SCV  
  45  4:12  Refinery  
  45  4:14  SCV  
  47  4:23  SCV  
  51  4:26  SCV  
  51  4:28  Engineering Bay x2  
  52  4:32  Orbital Command  
  52  4:35  SCV  
  52  4:38  SCV  
  54  4:43  Marine  
  54  4:44  Supply Depot, Barracks Tech Lab  
  55  4:47  Barracks Tech Lab, SCV  
  55  4:50  SCV  
  57  4:59  SCV  
  58  5:00  Orbital Command  
  58  5:02  Starport Reactor, SCV  
  58  5:04  Terran Infantry Weapons Level 1, Terran Infantry Armor Level 1  
  59  5:08  Marine, Stimpack  
  59  5:09  Marine  
  59  5:11  SCV  
  62  5:15  SCV  
  63  5:21  Barracks  
  63  5:22  Marine  
  63  5:23  Siege Tank, Barracks  
  63  5:24  SCV  
  68  5:30  Supply Depot x2  
  68  5:32  SCV  
  68  5:33  SCV  
  70  5:36  SCV  
  71  5:44  Marine x2, SCV  
  71  5:45  SCV  
  71  5:46  Marine x2  
  71  5:47  Medivac x2  
  81  5:53  Supply Depot  
  81  5:54  SCV  
  81  5:55  Supply Depot, Armory  
  81  5:57  SCV x2  
  84  6:05  Marine  
  84  6:07  Marine  
  87  6:15  Marine  
  87  6:17  Barracks Reactor x2, SCV  
  87  6:18  SCV x2  
  87  6:20  Barracks  
  87  6:21  Barracks x2  
  87  6:22  Supply Depot  
  84  6:27  Medivac x2  
  84  6:32  Supply Depot  
  88  6:33  Marine x2, Marauder  
  88  6:34  Factory Reactor  
  88  6:35  SCV x2  
  88  6:36  SCV  
  95  6:42  Marauder  
  97  6:47  SCV x2  
  97  6:48  Supply Depot, SCV  
  97  6:50  Combat Shields  
  100  6:57  Marine, Marauder  
  100  6:58  Marine x5  
  100  6:59  SCV  
  100  7:01  Supply Depot  
  109  7:03  Marine, Medivac  
  113  7:08  Barracks Reactor  
  113  7:09  Barracks Tech Lab x2  
  113  7:10  Barracks Tech Lab  
  113  7:15  Marine x5  
  113  7:16  Supply Depot, Marine  
  113  7:18  Marine  
  113  7:19  Widow Mine  
  113  7:20  Widow Mine  
  113  7:21  Marine, Medivac  
  126  7:23  Supply Depot  
  126  7:29  Marauder x2  
  132  7:30  Marauder, Concussive Shells  
  132  7:33  Marine x2  
  132  7:36  Marauder  
  136  7:40  Marine  
  136  7:41  Marine  
  136  7:42  Marine  
  139  7:51  Marine  
  139  7:52  Marine x4, Marauder, Widow Mine  
  139  7:53  Medivac  
  147  8:09  Marine  
  147  8:10  Marine x8, Marauder  
  151  8:13  Marine, Liberator x2  
  151  8:14  Widow Mine  
  156  8:21  Widow Mine  
  150  8:27  Marine x3  
  150  8:28  Marine x5  
  161  8:35  Marauder  
  161  8:36  Marauder  
  161  8:40  Marauder  
  167  8:41  Supply Depot  
  167  8:42  Supply Depot  
  167  8:46  Marauder  
  169  8:55  Marine, Marauder  
  166  9:05  Marine x3  
Tags
 
Add a new tag
Caveats
  • Supply blocks, unpowered buildings, or Contaminate may cause inaccurate times.
  • Supply counts are checked every 10 seconds.